 Dungeon Crawl Stone Soup version 0.28.0-43-g3370ac3207 (webtiles) character file.

Game seed: 7901921740262637040

91 RascalDebosk the Conjurer (level 4, 0/24 HPs)
             Began as a Deep Elf Conjurer on Mar 14, 2022.
             Slain by an adder (2 damage)
             ... on level 2 of the Dungeon.
             The game lasted 00:24:33 (2228 turns).

RascalDebosk the Conjurer (Deep Elf Conjurer)       Turns: 2228, Time: 00:24:33

Health: 0/24       AC:  2    Str:  4    XL:     4   Next: 34%
Magic:  10/11      EV: 13    Int: 25    God:
Gold:   145        SH:  0    Dex: 13    Spells: 7/10 levels left

rFire   . . .      SeeInvis .   b - +0 short sword
rCold   . . .      Faith    .   (no shield)
rNeg    . . .      Spirit   .   a - +0 robe
rPois   .          Reflect  .   (no helmet)
rElec   .          Harm     .   (no cloak)
rCorr   .          Rampage  .   (no gloves)
Will    .....                   (no boots)
Stlth   ++........              (no amulet)
HPRegen 0.08/turn               (no ring)
MPRegen 0.12/turn               (no ring)

@: lethally poisoned (0 -> -2)
A: no striking features
a: no special abilities


You were on level 2 of the Dungeon.
You visited 1 branch of the dungeon, and saw 2 of its levels.

You collected 145 gold pieces.

Inventory:

Hand Weapons
 b - a +0 short sword (weapon)
 g - a +0 club
Missiles
 c - 66 stones
Armour
 a - a +0 robe (worn)
 f - a +0 robe
Scrolls
 d - 2 scrolls of fear {unknown}
 h - a scroll of enchant weapon {unknown}
Potions
 e - 2 potions of cancellation {unknown}


   Skills:
 + Level 3.3 Dodging
 + Level 3.4 Stealth
 + Level 3.8 Spellcasting
 + Level 4.8 Conjurations
 + Level 2.1 Hexes


You had 7 spell levels left.
You knew the following spells:

 Your Spells              Type           Power      Damage    Failure   Level
a - Magic Dart            Conj           100%       1d8       1%          1
b - Searing Ray           Conj           58%        2d6       1%          2

Your spell library contained the following spells:

 Spells                   Type           Power      Damage    Failure   Level
 Dazzling Flash           Conj/Hex       44%        N/A       7%          3
 Fulminant Prism          Conj/Hex       11%        3d9       22%         4
 Iskenderun's Mystic Bla  Conj/Tloc      17%        2d5       34%         4


Dungeon Overview and Level Annotations

Branches:
Dungeon (2/15)

Altars:
Okawaru

Shops:
D:1 :


Message History

The adder poisons you!
You hit the adder.
The adder is heavily wounded.
You feel sick. The adder bites you.
You closely miss the adder.
The adder is heavily wounded.
You feel sick. The adder completely misses you.
The adder bites you but does no damage.
You barely miss the adder.
The adder is heavily wounded.
You feel sick. The adder closely misses you.
You barely miss the adder.
The adder is moderately wounded.
You feel sick. The adder misses you. The adder barely misses you.
You miss the adder.
The adder is moderately wounded.
You feel sick.
You are no longer poisoned.
The adder completely misses you.
You miss the adder.
The adder is moderately wounded.
The adder barely misses you. The adder closely misses you.
You closely miss the adder.
The adder is moderately wounded.
The adder misses you.
You closely miss the adder.
The adder is moderately wounded.
The adder bites you.
* * * LOW HITPOINT WARNING * * *
You closely miss the adder.
The adder is moderately wounded.
The adder bites you.
* * * LOW HITPOINT WARNING * * *
You are lethally poisoned!
The adder poisons you! The adder misses you.
You closely miss the adder.
The adder is moderately wounded.
* * * LOW HITPOINT WARNING * * *
You feel sick. The adder bites you.
You die...

#.##...# #.......#.
#....### #.........
#..### #........# #.##
#........# #..#
##......... ##.#
#.......... ####.##
#.......##.
..##....<#####.......##.
......S@.............###
.............##...#.##..
........................
...........≈≈......≈....
...........≈≈≈....≈≈....
............≈...†≈≈≈≈...
.................§≈†≈...
.[........#.....§§≈≈≈≈..
.....##†...§§≈≈≈≈≈≈≈


You could see an adder.

Vanquished Creatures
  An orc priest (D:1)
  2 adders (D:2)
  A worm (D:2)
  A dart slug (D:2)
  2 orcs
  5 endoplasms
  A giant cockroach (D:2)
  5 goblins
  4 hobgoblins
  3 kobolds
  3 quokkas
  3 ball pythons (D:1)
  A bat (D:1)
  A frilled lizard (D:1)
  2 rats
35 creatures vanquished.

Vanquished Creatures (others)
  A ball python (D:2)
  A giant cockroach (D:2)
  A hobgoblin (D:2)
3 creatures vanquished.

Grand Total: 38 creatures vanquished

Notes
Turn   | Place    | Note
-------+----------+-------------------------------------------
     0 | D:1      | RascalDebosk the Deep Elf Conjurer began the quest for the
                  | Orb.
     0 | D:1      | Reached XP level 1. HP: 10/10 MP: 6/6
   314 | D:1      | Reached XP level 2. HP: 15/15 MP: 1/8
   405 | D:1      | Learned a level 2 spell: Searing Ray
   554 | D:1      | Reached skill level 1 in Hexes
   606 | D:1      | Found Oxioc's Book Boutique.
   816 | D:1      | Found a faded altar of an unknown god.
  1031 | D:2      | Reached XP level 3. HP: 9/19 MP: 5/9
  1423 | D:1      | Reached XP level 4. HP: 6/24 MP: 4/11
  2119 | D:2      | Found an iron altar of Okawaru.
  2228 | D:2      | Slain by an adder

Illustrated notes

Levels and vault maps discovered:
D:1:      arrival_zaba_pyramid, layout_loops_ring, serial_shops,
          nicolae_lakefront_shop, basic_ecumenical_altar
D:2:      layout_rooms, basic_altar, minivault_26, lemuel_old_faithful

Skill      XL: |  1  2  3  4 |
---------------+-------------+-----
Hexes          | 1 2 |  2.1
Stealth        | 3 |  3.4
Dodging        | 3 |  3.3
Spellcasting   | |  3.8
Conjurations   | |  4.8

Action                   |  1- 3 |  4- 6 || total
-------------------------+-------+-------++-------
Melee: Short sword       |    14 |    27 ||    41
       Punch             |       |     1 ||     1
 Cast: Magic Dart        |    34 |       ||    34
       Searing Ray       |     8 |     9 ||    17
Armor: Robe              |     4 |     4 ||     8
Dodge: Dodged            |    23 |    23 ||    46
